 Dungeon Crawl Stone Soup version 0.17-b1-15-g0f5fb43 (webtiles) character file.

620 Goblin1989 the Cudgeler (level 7, 0/35 HPs)
             Began as a Vine Stalker Berserker on Nov 4, 2015.
             Was a Priest of Trog.
             Slain by an adder (1 damage)
             ... on level 4 of the Dungeon.
             The game lasted 00:12:26 (2525 turns).

Goblin1989 the Cudgeler (Vine Stalker Berserker)    Turns: 2525, Time: 00:12:28

Health: 0/35       AC:  9    Str: 21    XL:     7   Next: 46%
Magic:  0/8        EV: 10    Int:  7    God:    Trog [***...]
Gold:   98         SH:  0    Dex: 14    Spells: 0 memorised, 6 levels left

rFire  . . .     SeeInvis .     l - +0 whip
rCold  . . .     Clarity  .     t - +0 scale mail
rNeg   . . .     SustAt   +     (no shield)
rPois  .         Gourm    .     (no helmet)
rElec  .         Spirit   +     m - +2 cloak
rCorr  .         Warding  .     (no gloves)
rMut   .         Stasis   .     (no boots)
MR     ++...                    (no amulet)
Stlth  ..........               (no ring)
                                a - ring of sustain attributes

@: lethally poisoned (0 -> 0), regenerating, very resistant to hostile
enchantments, extremely unstealthy
A: fangs 2, regeneration 2, magic shield, antimagic bite, no device heal 3, rot
immunity
a: Berserk, Trog's Hand, Burn Spellbooks, Renounce Religion


You were on level 4 of the Dungeon.
You worshipped Trog.
Trog was most pleased with you.
You were near starving.

You visited 1 branch of the dungeon, and saw 4 of its levels.

You collected 98 gold pieces.

Inventory:

Hand Weapons
 l - a +0 whip (weapon)
Armour
 m - a +2 cloak (worn)
 t - a +0 scale mail (worn)
Jewellery
 a - a ring of sustain attributes (left hand)
Scrolls
 e - a scroll of recharging {unknown}
 f - 3 scrolls of identify {unknown}
 h - 2 scrolls of teleportation {unknown}
 i - 2 scrolls of enchant weapon {unknown}
 j - a scroll of random uselessness {unknown}
 n - 2 scrolls of remove curse {unknown}
 r - a scroll of fog {unknown}
Potions
 b - a potion of mutation {unknown}
 k - a potion of flight {unknown}
 o - a potion of curing {unknown}
 q - a potion of beneficial mutation {unknown}
 s - a potion of resistance {unknown}
Comestibles
 c - 2 bread rations
 d - 2 meat rations
 g - a slice of pizza


   Skills:
 - Level 2.6 Fighting
 + Level 7.7 Maces & Flails
 - Level 1.5 Armour
 - Level 1.5 Dodging


You had 6 spell levels left.
You didn't know any spells.

Dungeon Overview and Level Annotations

Branches:
Dungeon (4/15)
 Temple: D:4-7

Altars:
Dithmenos
Qazlal


Innate Abilities, Weirdness & Mutations

You have extremely sharp teeth.
You heal very quickly.
When hurt, damage is shared between your health and your magic reserves.
Your bite disrupts and absorbs the magic of your enemies.
Potions and wands cannot restore your health.
You are immune to rotting.


Message History

The ogre is almost dead.
The crimson imp picks up a beetle and eats it.
You hit the ogre but do no damage. Your bite misses the ogre.
The ogre is almost dead.
You feel sick. The adder bites you but does no damage.
The ogre hits you with a giant club!
You're too hungry to go berserk.
Unknown command.
You hit the ogre.
You kill the ogre!
Trog accepts your kill. The adder barely misses you.
The crimson imp blinks!
Unknown command.
Your skin crawls.
You feel resistant to hostile enchantments.
You feel slightly more hungry. The adder bites you.
* * * LOW HITPOINT WARNING * * *
You are more poisoned.
The adder poisons you! The adder bites you.
You die...

###..................#
#........###.#.......#
...#...##.##.###......#
#...##.###.#....#..###
#...##.# #..#.........
##..5ยง.# #.##..##..###
####..# #.##......#
#..# #.........# #@.#
####...#### #......)S#
##.....## ######..##
#.......## ...#
#.........### .....
+.........'.. .....#
#.........### #.##.##
##.......## # #. ##
##.....## # ##...## #


You could see a crimson imp and an adder.

Vanquished Creatures
  Sigmund (D:3)
  A phantom (D:4)
  An ogre (D:4)
  An orc priest (D:3)
  2 orc wizards (D:3)
  4 adders
  7 gnolls
  An ooze (D:2)
  3 giant geckos
  10 orcs
  A ball python (D:2)
  7 giant cockroaches
  9 hobgoblins
  4 jackals
  10 kobolds
  10 bats
  2 giant newts
  10 goblins
  7 rats
91 creatures vanquished.

Notes
Turn   | Place    | Note
--------------------------------------------------------------
     0 | D:1      | Goblin1989 the Vine Stalker Berserker began the quest for the Orb.
     0 | D:1      | Reached XP level 1. HP: 11/11 MP: 2/2
    81 | D:1      | Reached skill level 3 in Maces & Flails
   155 | D:1      | Reached XP level 2. HP: 7/16 MP: 1/3
   337 | D:1      | Reached XP level 3. HP: 13/19 MP: 1/4
   388 | D:1      | Reached ** piety under Trog
   809 | D:2      | Reached skill level 4 in Maces & Flails
  1053 | D:2      | Reached XP level 4. HP: 6/23 MP: 3/5
  1430 | D:3      | Noticed Sigmund
  1536 | D:3      | Reached skill level 5 in Maces & Flails
  1536 | D:3      | Reached XP level 5. HP: 27/27 MP: 6/6
  1587 | D:3      | Killed Sigmund
  1587 | D:3      | Reached skill level 6 in Maces & Flails
  1587 | D:3      | Gained mutation: You heal very quickly. [Vine Stalker growth]
  1587 | D:3      | Reached XP level 6. HP: 32/32 MP: 7/7
  1781 | D:3      | Reached *** piety under Trog
  2186 | D:3      | Reached skill level 7 in Maces & Flails
  2186 | D:3      | Reached XP level 7. HP: 33/35 MP: 8/8
  2337 | D:4      | Found a shadowy altar of Dithmenos.
  2454 | D:4      | Found a stormy altar of Qazlal.
  2520 | D:4      | HP: 1/35 [ogre/giant club (14)]
  2525 | D:4      | HP: 1/35 [adder (2)]
  2525 | D:4      | Slain by an adder

Action                   |  1- 3 |  4- 6 |  7- 9 || total
-------------------------+-------+-------+-------++-------
Melee: Mace              |   108 |    28 |       ||   136
       Flail             |       |    96 |     3 ||    99
       Whip              |       |       |    56 ||    56
Invok: Berserk           |     1 |     1 |       ||     2
       Trog's Hand       |       |       |     1 ||     1
  Eat: Chunk             |       |     6 |       ||     6
